 Dungeon Crawl Stone Soup version 0.26-a0-665-gefeb406119 (webtiles) character file.

Game seed: 12496047937330380795

285230 Hypoxia the Tortoise (level 19, -2/178 HPs)
             Began as a Deep Dwarf Fighter on Oct 14, 2020.
             Was the Champion of Makhleb.
             Slain by an Orb Guardian (11 damage)
             ... on level 5 of the Realm of Zot.
             The game lasted 03:06:33 (7827 turns).

Hypoxia the Tortoise (Deep Dwarf Fighter)           Turns: 7827, Time: 03:06:33

Health: -2/178     AC: 30    Str: 21    XL:     19   Next: 37%
Magic:  4/4        EV: 17    Int:  7    God:    Makhleb [******]
Gold:   44         SH: 27    Dex: 17    Spells: 18/18 levels left

rFire    + + .     SeeInvis .   a - +5 war axe (elec)
rCold    . . .     Faith    .   s - +2 tower shield
rNeg     + + .     Spirit   .   v - +0 plate armour
rPois    .         Reflect  +   e - +1 helmet
rElec    +         Harm     .   y - scarf {rC+ rF+}
rCorr    .         Rampage  .   z - +5 pair of gloves of the Black Skies {rElec rN+}
MR       ++...                  u - +1 pair of boots
Stlth    ..........             A - amulet of reflection
HPRegen  0.00/turn              o - +4 ring of evasion
MPRegen  0.09/turn              h - ring of fire

@: marked, non-regenerating, hasted, very quick
A: damage resistance, heal wounds, agile 1, dopey 2, negative energy resistance
1, sense surroundings 3, weak 1, no regeneration
0: Orb of Zot
}: 3/15 runes: serpentine, barnacled, abyssal
a: Heal Wounds, Minor Destruction, Lesser Servant of Makhleb, Major Destruction,
Greater Servant of Makhleb, Renounce Religion


You were on level 5 of the Realm of Zot.
You worshipped Makhleb.
Makhleb was exalted by your worship.
You visited 8 branches of the dungeon, and saw 40 of its levels.
You visited the Abyss 1 time.
You visited 1 bazaar.
You also visited: Sewer.

You collected 1084 gold pieces.
You spent 1040 gold pieces at shops.

Inventory:

Hand Weapons
 a - a +5 war axe of electrocution (weapon)
 J - a +0 broad axe
 K - a +2 spear of distortion {!w}
Missiles
 Z - a throwing net (quivered) {!f}
Armour
 e - a +1 helmet (worn)
 s - a +2 tower shield (worn)
 u - a +1 pair of boots (worn)
 v - a +0 plate armour (worn)
 y - a scarf of resistance (worn)
 z - the +5 pair of gloves of the Black Skies (worn) {rElec rN+}
   (You found it on level 9 of the Dungeon)

   It insulates you from electricity.
   It protects you from negative energy.
Jewellery
 c - an uncursed ring of protection from cold
 g - the ring of the Queen {Ice rPois Int+4 Dex-5 SInv}
   (You found it on level 12 of the Dungeon)

   [ring of ice]

   It enhances your ice magic.
   It affects your intelligence (+4).
   It affects your dexterity (-5).
   It makes you vulnerable to fire.
   It protects you from cold.
   It protects you from poison.
   It lets you see invisible.
 h - a ring of fire (right hand)
 k - a +4 ring of evasion
 m - an uncursed ring of protection from magic
 o - a +4 ring of evasion (left hand)
 p - the ring "Mayf" {Str+4 SInv}
   (You took it off a merfolk impaler on level 4 of the Shoals)

   [ring of see invisible]

   It affects your strength (+4).
   It lets you see invisible.
 x - an uncursed ring of flight
 A - an amulet of reflection (around neck)
Wands
 D - a wand of digging (14)
Scrolls
 t - 2 scrolls of immolation
 C - a scroll of silence {!r}
 T - a scroll of teleportation {@r3}
 W - 5 scrolls of remove curse {@r2}
Potions
 b - 2 potions of lignification
 d - 4 potions of might {@q4}
 f - a potion of invisibility
 i - a potion of brilliance
 q - a potion of stabbing
 E - a potion of cancellation
 G - 2 potions of mutation
 Q - 5 potions of curing {@q1}
Miscellaneous
 n - a lightning rod (4/4)


   Skills:
 - Level 13.0 Fighting
 - Level 17.1 Axes
 - Level 18.4 Armour
 - Level 14.3 Dodging
 - Level 15.0 Shields
 + Level 16.6 Invocations
 - Level 4.0 Evocations


You had 18 spell levels left.
You didn't know any spells.
Your spell library was empty.

Dungeon Overview and Level Annotations

Branches:
Dungeon (15/15)            Temple (1/1) D:7            Lair (4/6) D:10
 Shoals (4/4) Lair:4        Snake (4/4) Lair:2          Orc (2/2) D:9
 Depths (5/5) D:15            Zot (5/5) Depths:5      Sewer (visited)
    Elf: Orc:2       Vaults: D:13-14

Altars:
Cheibriados
Elyvilon
Fedhas
Gozag
Kikubaaqudgha
Makhleb
Vehumet
Wu Jian
Xom
Beogh

Shops:
Orc:1 *   Orc:2 [:!}

Portals:
Hell: Depths:3 Depths:4
Abyss: Depths:1 Depths:4
Pandemonium: Depths:3
Ziggurat: Depths:5

Annotations:
D:9 Prince Ribbit


Innate Abilities, Weirdness & Mutations

You are resistant to damage.
You can heal yourself by infusing magical energy.
You resist negative energy. (rN+)
You passively map a large area around you.
You do not regenerate.
You are agile. (Dex +2)
You are very dopey. (Int -4)
You are weak. (Str -2)


Message History

The Orb Guardian misses you.
The ancient lich disappears!
The Orb Guardian hits you but does no damage.
The Orb Guardian closely misses you.
You feel much better. You block the Orb Guardian's attack. x3
The Orb Guardian hits you. The Orb Guardian hits you!
* * * LOW HITPOINT WARNING * * *
The Killer Klown disappears!
The Orb Guardian misses you. The Orb Guardian hits you!
* * * LOW HITPOINT WARNING * * *
The Killer Klown blinks!
You block the Orb Guardian's attack.
An orb of fire comes into view.
Your magical essence is drained by the effort!
You feel much better. You block the Orb Guardian's attack. x3
The moth of wrath goads the Orb Guardian on!
The Orb Guardian goes berserk!
The Orb Guardian hits you but does no damage.
The Orb Guardian hits you!!!
* * * LOW HITPOINT WARNING * * *
The Orb Guardian hits you!
You die...

***** ***** ,,,,**** ****,,,,
,,,,,,,*** ***,,,,,,, ,,,^,,,,,**
▓▓.......,, ,,,,,,,,,,* ▓▓▓▓▓▓▓▓▓
▓$.......,,
,,,,,,,,,,*▓▓....^..▓▓▓.....§..,,
,,,,,,,,,,▓▓.........▓▓.....D.L,,
,,,,,,,,,.▓...yXXX....▓........,,
,,,,,,,,,..§.8XX@XX...§........,,
,,,,,,,,,.▓...yXXX....▓*.......,,
,,,^,,,,,,▓▓p...X....▓▓......pp,,
,,,,,,,,,,*▓▓.......▓▓▓....8...,,
,,,,,,,,,,* ▓▓▓▓▓▓▓▓▓ #........,,
,,,,,,,,,** ##.......,^
^,,,,,,*** *#▓.....,, ,,,,****
*▓▓▓..,, ▓▓▓▓▓▓▓▓# ******▓**


You could see an orb of fire, a Killer Klown, an electric golem, 11 Orb
Guardians and 2 moths of wrath.

Vanquished Creatures
  Sojobo
  A golden dragon Nikola Jorgrun
  2 tentacled monstrosities
  A lich
  An Orb Guardian
  A quicksilver dragon
  4 death cobs
  A tentacled starspawn
  2 tengu reavers
  2 draconian monks
  9 nagarajas
  A fire giant
  A draconian knight
  2 frost giants Louise
  A ghost moth
  A draconian scorcher
  A draconian shifter
  An iron dragon
  3 draconian stormcallers
  A war gargoyle
  2 draconian annihilators
  4 stone giants
  2 very ugly things
  2 green draconians
  2 vampire knights
  7 white draconians
  4 yellow draconians
  5 purple draconians
  2 red draconians
  An ettin
  2 merfolk javelineers
  4 merfolk impalers
  4 fire dragons
  7 yaktaur captains
  A deep elf high priest
  3 ice dragons
  7 naga warriors
  A boulder beetle
  5 hydras
  2 spriggan air magi
  A rakshasa
  The ghost of lis82 the Unseen, a journeyman SpEn of Okawaru
  3 catoblepae Erolcha
  2 alligator snapping turtles
  13 two-headed ogres
  2 merfolk avatars
  11 anacondas
  5 centaur warriors
  2 tengu warriors
  A satyr
  2 ogre magi
  A deep troll earth mage
  A deep troll shaman
  An orc high priest
  3 vampire magi
  A thrashing horror
  3 naga sharpshooters
  A hell knight
  A spectral storm dragon
  3 shock serpents Nergalle
  3 spriggan berserkers
  A storm dragon zombie
  2 salamander mystics
  A skeletal warrior
  3 iron trolls
  7 deep trolls
  2 golden dragon zombies
  8 sea snakes
  A flayed ghost
  2 unseen horrors
  3 glowing orange brains
  A wizard
  7 naga ritualists
  7 mana vipers
  4 harpies
  2 deep elf magi
  3 orc knights
  A harpy (shapeshifter)
  A spectral fire dragon
  10 orc sorcerers
  A frost giant zombie
  A necromancer
  A worldbinder
  10 ugly things
  2 manticores
  7 salamanders
  13 fauns
  2 cyclopes
  An elephant
  2 moths of wrath
  3 merfolk sirens
  15 guardian serpents
  A water nymph
  An apocalypse crab
  30 black mambas Psyche
  14 naga magi Joseph
  A centaur skeleton
  3 cane toads
  4 komodo dragons
  An efreet
  9 yaktaurs
  5 catoblepas skeletons
  4 trolls
  3 tengu conjurers
  22 merfolk
  3 wind drakes
  4 blink frogs
  A raiju
  4 snapping turtles
  4 hornets
  4 dream sheep
  3 large abominations
  5 slime creatures
  A meliai zombie
  2 air elementals
  18 flying skulls
  4 wyverns
  2 spriggans
  22 yaks
  3 water elementals
  A yak (shapeshifter)
  A small abomination
  A steam dragon
  A basilisk (shapeshifter)
  2 basilisks
  A spriggan simulacrum
  A yaktaur simulacrum
  36 nagas
  3 water moccasins
  15 orc warriors
  An ice beast
  3 black bears
  3 sky beasts
  A deep troll simulacrum
  A phantom
  A tengu
  13 ogres
  4 centaurs
  14 wolves
  4 big kobolds
  11 bullfrogs
  A gnoll sergeant
  3 earth elementals
  3 scorpions
  4 killer bees
  15 wights
  2 howler monkeys
  A crimson imp
  2 bullfrog zombies
  7 jellies
  4 centaur zombies
  2 hounds
  5 orc priests
  29 orc wizards
  2 bullfrog skeletons
  4 iguanas
  2 worker ants
  2 hound zombies
  A worker ant zombie Robin
  8 gnolls
  7 adders
  A river rat
  A shadow imp
  3 white imps
  2 ufetubi
  An ooze
  4 adder skeletons
  5 worms
  2 leopard geckos
  71 orcs
  3 ball pythons
  5 giant cockroaches
  6 goblins
  9 hobgoblins
  11 jackals
  6 kobolds
  4 quokkas
  2 bats
  5 frilled lizards
  A jackal skeleton
  A quokka skeleton
  A quokka zombie
  8 rats
  A lurking horror
850 creatures vanquished.

Vanquished Creatures (collateral kills)
  A curse toe
  A golden dragon
  A tentacled monstrosity
  4 Orb Guardians
  A quicksilver dragon
  A storm dragon
  The ghost of Uppao the Fighter, an adept OpDe of Okawaru
  A draconian scorcher
  A fire giant
  A draconian knight
  A draconian shifter
  A spriggan defender
  A caustic shrike skeleton
  2 black draconians
  2 merfolk javelineers
  3 merfolk impalers
  A yaktaur captain
  A hydra
  An anaconda
  A merfolk avatar
  A satyr
  2 deep troll earth magi
  3 harpies
  6 sea snakes
  3 fauns
  A cane toad
  A black mamba
  A yaktaur
  A polar bear
  2 merfolk
  2 hornets
  4 slime creatures
  A snapping turtle
  2 spriggans
  2 water elementals
  An orc warrior
  2 ogres
  An orc priest
  2 orcs
65 creatures vanquished.

Vanquished Creatures (others)
  A tengu reaver
  2 very ugly things
  An ettin
  An ogre mage
  A fire dragon
  A great orb of eyes
  A two-headed ogre
  A deep troll shaman
  A sea snake
  An iron troll
  A deep troll
  A quicksilver dragon simulacrum
  A harpy
  A manticore
  A guardian serpent
  A black mamba
  A naga mage
  A blink frog
  A water elemental
  An ogre
  An orc priest
  3 orcs
  2 bushes
  18 demonic plants
  9 fungi
  177 plants
  8 starspawn tentacles
239 creatures vanquished.

Grand Total: 1154 creatures vanquished

Notes
Turn   | Place    | Note
-------+----------+-------------------------------------------
     0 | D:1      | Hypoxia the Deep Dwarf Fighter began the quest for the Orb.
     0 | D:1      | Reached XP level 1. HP: 20/20 MP: 1/1
    21 | D:1      | Reached skill level 3 in Axes
    21 | D:1      | Reached XP level 2. HP: 22/27 MP: 2/2
    42 | D:2      | Found a blossoming altar of Fedhas.
    74 | D:2      | Noticed a centaur
    83 | D:2      | Killed a centaur
    83 | D:2      | Reached skill level 5 in Axes
    83 | D:2      | Reached XP level 3. HP: 30/33 MP: 2/2
    83 | D:2      | Reached XP level 4. HP: 36/40 MP: 3/3
   202 | D:2      | Found a shimmering altar of Xom.
   246 | D:3      | Identified the cursed -5 helmet of Midwinter {rF+ rCorr}
   246 | D:3      | Noticed Robin
   269 | D:3      | Killed Robin
   330 | D:4      | Reached XP level 5. HP: 41/46 MP: 4/4
   344 | D:4      | Reached skill level 6 in Axes
   428 | D:4      | Reached skill level 7 in Axes
   428 | D:4      | Reached XP level 6. HP: 41/55 MP: 5/5
   482 | D:4      | Found a glowing drain.
   489 | Sewer    | Entered a sewer
   642 | D:5      | Entered Level 5 of the Dungeon
   806 | D:6      | Reached skill level 8 in Axes
   807 | D:6      | Reached skill level 1 in Dodging
   820 | D:6      | Reached skill level 3 in Fighting
   820 | D:6      | Reached skill level 2 in Dodging
   820 | D:6      | Reached XP level 7. HP: 24/62 MP: 0/6
   834 | D:6      | HP: 12/62 [scorpion (5)]
   859 | D:6      | Reached skill level 3 in Dodging
   931 | D:6      | HP: 12/62 [centaur zombie (5)]
   938 | D:6      | Reached skill level 9 in Axes
   996 | D:6      | Reached XP level 8. HP: 38/69 MP: 0/3
  1257 | D:6      | Reached skill level 10 in Axes
  1270 | D:6      | Reached skill level 1 in Evocations
  1301 | D:7      | Reached skill level 4 in Shields
  1319 | D:7      | Reached skill level 2 in Evocations
  1334 | D:7      | Found a staircase to the Ecumenical Temple.
  1370 | Temple   | Entered the Ecumenical Temple
  1377 | Temple   | Became a worshipper of Makhleb the Destroyer
  1443 | D:7      | Found a blossoming altar of Fedhas.
  1480 | D:7      | Reached skill level 3 in Evocations
  1511 | D:7      | Reached skill level 11 in Axes
  1528 | D:8      | Noticed a dream sheep
  1528 | D:8      | Noticed a dream sheep
  1530 | D:8      | Reached skill level 4 in Evocations
  1530 | D:8      | Gained mutation: You passively map the area around you.
                  | [Deep Dwarf growth]
  1530 | D:8      | Reached XP level 9. HP: 59/75 MP: 1/1
  1540 | D:8      | Reached skill level 4 in Dodging
  1552 | D:8      | Noticed a three-headed hydra
  1556 | D:8      | Killed a one-headed hydra
  1556 | D:8      | Reached skill level 12 in Axes
  1556 | D:8      | Reached skill level 5 in Dodging
  1582 | D:9      | Got a pair of translucent gloves
  1596 | D:9      | Reached skill level 6 in Dodging
  1605 | D:9      | Identified the +5 pair of gloves of the Black Skies {rElec
                  | rN+} (You found it on level 9 of the Dungeon)
  1680 | D:8      | Reached * piety under Makhleb
  1743 | D:9      | Noticed a two-headed ogre
  1747 | D:9      | Gained mutation: Your flesh is cold resistant. (rC+)
                  | [potion of mutation]
  1747 | D:9      | Gained mutation: You have a pair of small horns on your
                  | head. [potion of mutation]
  1749 | D:9      | Reached skill level 1 in Invocations
  1754 | D:9      | Killed a two-headed ogre
  1754 | D:9      | Reached skill level 5 in Invocations
  1754 | D:9      | Reached XP level 10. HP: 79/84 MP: 0/4
  1860 | D:9      | Noticed Joseph
  1880 | D:9      | Killed Joseph
  1880 | D:9      | Reached ** piety under Makhleb
  1880 | D:9      | Reached skill level 13 in Axes
  1899 | D:9      | Found a staircase to the Orcish Mines.
  1908 | Orc:1    | Entered Level 1 of the Orcish Mines
  1909 | Orc:1    | Noticed an orc sorcerer
  1910 | Orc:1    | Noticed an orc knight
  1917 | D:9      | Reached skill level 5 in Shields
  1957 | D:9      | Killed an orc sorcerer
  1957 | D:9      | Reached skill level 4 in Fighting
  1967 | D:9      | Reached skill level 4 in Armour
  1978 | Orc:1    | Killed an orc knight
  1978 | Orc:1    | Reached skill level 6 in Shields
  1986 | Orc:1    | Found Kearay's General Store.
  1993 | Orc:1    | Bought a potion of might for 60 gold pieces
  1993 | Orc:1    | Bought a potion of mutation for 120 gold pieces
  1993 | Orc:1    | Bought a scroll of identify for 30 gold pieces
  1993 | Orc:1    | Bought a +0 pair of boots for 67 gold pieces
  1998 | Orc:1    | Lost mutation: You have a pair of small horns on your head.
                  | [potion of mutation]
  1998 | Orc:1    | Lost mutation: Your flesh is cold resistant. (rC+) [potion
                  | of mutation]
  1998 | Orc:1    | Gained mutation: You passively map a large area around you.
                  | [potion of mutation]
  1998 | Orc:1    | Gained mutation: You have a pair of small antennae on your
                  | head. [potion of mutation]
  1998 | Orc:1    | Gained mutation: You have sharp toenails. [potion of
                  | mutation]
  2029 | Orc:2    | Entered Level 2 of the Orcish Mines
  2053 | Orc:2    | Noticed an orc sorcerer
  2063 | Orc:2    | Noticed a rust devil
  2070 | Orc:2    | Paralysed by an orc sorcerer for 4 turns
  2074 | Orc:2    | HP: 14/85 [red devil/+0 vampiric demon trident[an orc
                  | sorcerer] (17)]
  2078 | Orc:2    | Killed an orc sorcerer
  2091 | Orc:2    | Reached skill level 5 in Armour
  2097 | Orc:2    | Noticed an orc knight
  2116 | Orc:2    | Reached XP level 11. HP: 58/92 MP: 5/5
  2139 | Orc:2    | Killed an orc knight
  2139 | Orc:2    | Reached skill level 14 in Axes
  2140 | Orc:2    | Found Fequamo's Distillery.
  2141 | Orc:2    | Noticed an orc sorcerer
  2149 | Orc:2    | Killed an orc sorcerer
  2149 | Orc:2    | Reached *** piety under Makhleb
  2149 | Orc:2    | Reached skill level 7 in Shields
  2151 | Orc:2    | Found Keyhip's Gadget Shop.
  2205 | Orc:1    | Noticed an orc high priest
  2214 | Orc:1    | Reached skill level 6 in Armour
  2228 | Orc:1    | Killed an orc high priest
  2350 | Orc:2    | Bought a wand of digging (7) for 308 gold pieces
  2364 | Orc:2    | Found an ancient bone altar of Kikubaaqudgha.
  2364 | Orc:2    | Noticed an orc sorcerer
  2364 | Orc:2    | Noticed Nergalle
  2372 | Orc:2    | Killed an orc sorcerer
  2383 | Orc:2    | Noticed an orc sorcerer
  2406 | Orc:2    | Noticed a soul eater
  2406 | Orc:2    | Killed an orc sorcerer
  2406 | Orc:2    | Reached skill level 7 in Armour
  2408 | Orc:2    | Killed Nergalle
  2420 | Orc:2    | Noticed an orc sorcerer
  2421 | Orc:2    | Noticed an orc sorcerer
  2422 | Orc:2    | Found Gemmapt's Book Shop.
  2422 | Orc:2    | Noticed an orc sorcerer
  2422 | Orc:2    | Found a roughly hewn altar of Beogh.
  2425 | Orc:2    | Killed an orc sorcerer
  2427 | Orc:2    | Killed an orc sorcerer
  2428 | Orc:2    | Noticed an orc sorcerer
  2434 | Orc:2    | Noticed a sun demon
  2438 | Orc:2    | Noticed a soul eater
  2441 | Orc:2    | Killed an orc sorcerer
  2441 | Orc:2    | Reached skill level 8 in Armour
  2443 | Orc:2    | Killed an orc sorcerer
  2444 | Orc:2    | Found Xoruxka's Antique Armour Shop.
  2479 | Orc:2    | Noticed Erolcha
  2480 | Orc:2    | Found a radiant altar of Vehumet.
  2485 | Orc:2    | Killed Erolcha
  2512 | Orc:2    | Bought a potion of curing for 42 gold pieces
  2512 | Orc:2    | Bought a potion of might for 56 gold pieces
  2573 | D:10     | Entered Level 10 of the Dungeon
  2600 | D:10     | Reached skill level 15 in Axes
  2606 | D:10     | Reached skill level 9 in Armour
  2607 | D:10     | Noticed a two-headed ogre
  2625 | D:10     | Killed a two-headed ogre
  2631 | D:10     | Reached XP level 12. HP: 99/99 MP: 5/5
  2634 | D:10     | Reached **** piety under Makhleb
  2690 | D:10     | You fall into a shaft and drop 1 floor!
  2701 | D:11     | Noticed a two-headed ogre
  2716 | D:11     | Killed a two-headed ogre
  2747 | D:9      | Noticed Prince Ribbit
  2747 | D:9      | Noticed a two-headed ogre
  2748 | D:9      | Noticed Psyche
  2752 | D:9      | Killed a two-headed ogre
  2752 | D:9      | Reached skill level 5 in Fighting
  2759 | D:9      | Killed Psyche
  2829 | D:11     | Reached skill level 16 in Axes
  2840 | D:12     | Found a runed translucent gate.
  2840 | D:12     | Found a runed translucent gate.
  2840 | D:12     | Found a runed translucent gate.
  2840 | D:12     | Noticed Uppao's ghost (adept OpDe)
  2840 | D:12     | Noticed a ten-headed hydra
  2857 | D:12     | Reached ***** piety under Makhleb
  2871 | D:12     | Killed a seven-headed hydra
  2911 | D:12     | Got a heavily runed lead ring
  2911 | D:12     | Identified the ring of the Queen {Ice rPois Int+4 Dex-5
                  | SInv} (You found it on level 12 of the Dungeon)
  2932 | D:12     | Killed Uppao's ghost
  2932 | D:12     | Reached skill level 8 in Shields
  3067 | D:13     | Reached skill level 10 in Armour
  3106 | D:15     | Entered Level 15 of the Dungeon
  3113 | D:15     | Reached skill level 6 in Fighting
  3118 | D:15     | Noticed a centaur warrior
  3122 | D:15     | Reached skill level 9 in Shields
  3162 | D:15     | Reached skill level 6 in Invocations
  3163 | D:15     | Killed a centaur warrior
  3163 | D:15     | Reached XP level 13. HP: 111/111 MP: 7/7
  3185 | D:15     | Found the +3 giant club "Skullcrusher" {speed, Str+7}
  3266 | D:15     | Reached skill level 11 in Armour
  3276 | D:15     | Reached skill level 10 in Shields
  3308 | D:15     | Reached skill level 7 in Invocations
  3449 | D:13     | Reached skill level 7 in Fighting
  3468 | D:13     | Reached skill level 8 in Invocations
  3590 | D:10     | Found a staircase to the Lair.
  3600 | Lair:1   | Entered Level 1 of the Lair of Beasts
  3630 | Lair:1   | Reached skill level 8 in Fighting
  3724 | Lair:2   | Reached skill level 9 in Invocations
  3730 | Lair:2   | Found a staircase to the Snake Pit.
  3752 | Snake:1  | Entered Level 1 of the Snake Pit
  3772 | Snake:1  | Reached skill level 10 in Invocations
  3861 | Snake:1  | Noticed Louise
  3879 | Snake:1  | Killed Louise
  3879 | Snake:1  | Reached skill level 11 in Invocations
  3951 | Snake:2  | Reached skill level 12 in Invocations
  3957 | Snake:2  | Gained mutation: You resist negative energy. (rN+) [Deep
                  | Dwarf growth]
  3957 | Snake:2  | Reached XP level 14. HP: 126/126 MP: 11/13
  3965 | Snake:2  | Reached ****** piety under Makhleb
  3978 | Snake:2  | Reached skill level 13 in Invocations
  4022 | Snake:2  | Noticed a nagaraja
  4028 | Snake:2  | Killed a nagaraja
  4072 | Snake:2  | Reached skill level 14 in Invocations
  4210 | Snake:3  | Reached skill level 15 in Invocations
  4221 | Snake:3  | Noticed a nagaraja
  4226 | Snake:4  | Entered Level 4 of the Snake Pit
  4285 | Snake:3  | Reached skill level 11 in Shields
  4346 | Snake:4  | Reached skill level 9 in Fighting
  4360 | Snake:4  | Reached skill level 12 in Armour
  4374 | Snake:4  | Noticed a nagaraja
  4420 | Snake:4  | Noticed a nagaraja
  4433 | Snake:4  | Killed a nagaraja
  4433 | Snake:4  | Reached XP level 15. HP: 109/135 MP: 16/16
  4465 | Snake:4  | Noticed a nagaraja
  4467 | Snake:4  | Noticed a nagaraja
  4469 | Snake:4  | Noticed a nagaraja
  4478 | Snake:4  | Killed a nagaraja
  4478 | Snake:4  | Killed a nagaraja
  4478 | Snake:4  | Reached skill level 13 in Armour
  4478 | Snake:4  | Reached skill level 12 in Shields
  4478 | Snake:4  | Killed a nagaraja
  4480 | Snake:4  | Noticed a nagaraja
  4480 | Snake:4  | Noticed a nagaraja
  4480 | Snake:4  | Noticed a nagaraja
  4484 | Snake:4  | Reached skill level 10 in Fighting
  4488 | Snake:4  | Noticed a nagaraja
  4489 | Snake:4  | Killed a nagaraja
  4490 | Snake:4  | Killed a nagaraja
  4501 | Snake:4  | Reached skill level 14 in Armour
  4511 | Snake:4  | Killed a nagaraja
  4527 | Snake:4  | Killed a nagaraja
  4551 | Snake:4  | Got a serpentine rune of Zot
  4900 | Lair:4   | Found a staircase to the Shoals.
  4907 | Shoals:1 | Entered Level 1 of the Shoals
  4908 | Shoals:1 | Noticed Nikola
  4915 | Shoals:1 | Noticed Jorgrun
  4927 | Shoals:1 | Killed Nikola
  4927 | Shoals:1 | Reached XP level 16. HP: 113/148 MP: 17/17
  4930 | Shoals:1 | Killed Jorgrun
  4935 | Shoals:1 | Reached skill level 13 in Shields
  4945 | Shoals:1 | Reached skill level 7 in Dodging
  4949 | Shoals:1 | Reached skill level 15 in Armour
  5088 | Shoals:4 | Entered Level 4 of the Shoals
  5122 | Shoals:4 | Reached skill level 11 in Fighting
  5179 | Shoals:3 | You fall into a shaft and drop 1 floor!
  5193 | Shoals:4 | Identified the ring "Mayf" {Str+4 SInv}
  5213 | Shoals:4 | Reached skill level 8 in Dodging
  5337 | Shoals:4 | Reached skill level 16 in Armour
  5473 | Shoals:4 | Reached skill level 9 in Dodging
  5531 | Shoals:4 | Got a barnacled rune of Zot
  5870 | D:15     | Found a runed translucent gate.
  5874 | D:15     | Found a runed translucent gate.
  5875 | D:15     | Found the +3 hat of Pondering {ponderous, MR+ MP+10 Int+5}
  5875 | D:15     | Found a runed translucent gate.
  5875 | D:15     | Noticed lis82's ghost (journeyman SpEn)
  5901 | D:15     | Killed lis82's ghost
  5962 | D:15     | Reached XP level 17. HP: 157/157 MP: 15/15
  6068 | D:14     | Reached skill level 14 in Shields
  6098 | D:15     | Found a staircase to the Depths.
  6114 | Depths:1 | Entered Level 1 of the Depths
  6132 | Depths:1 | Found a one-way gate to the infinite horrors of the Abyss.
  6166 | Depths:2 | Reached skill level 10 in Dodging
  6230 | Depths:3 | Reached skill level 17 in Armour
  6231 | Depths:3 | Found a snail-covered altar of Cheibriados.
  6232 | Depths:3 | Found a gateway to Hell.
  6254 | Depths:3 | Noticed Sojobo
  6286 | Depths:3 | Reached skill level 11 in Dodging
  6303 | Depths:3 | Killed Sojobo
  6325 | Depths:3 | Found a one-way gate leading to the halls of Pandemonium.
  6367 | Depths:5 | Entered Level 5 of the Depths
  6384 | Depths:5 | Found a gate to the Realm of Zot.
  6509 | Depths:5 | Noticed a lich
  6526 | Depths:5 | Killed a lich
  6526 | Depths:5 | Reached skill level 12 in Fighting
  6526 | Depths:5 | Reached skill level 12 in Dodging
  6552 | Depths:5 | Found a gateway to a ziggurat.
  6576 | Depths:5 | Mutation became permanent: You passively map the area
                  | around you. [Deep Dwarf growth]
  6576 | Depths:5 | Gained mutation: You passively map a large area around you.
                  | [Deep Dwarf growth]
  6576 | Depths:5 | Reached XP level 18. HP: 168/168 MP: 16/16
  6577 | Depths:5 | Lost mutation: You have a pair of small antennae on your
                  | head. [potion of mutation]
  6577 | Depths:5 | Lost mutation: You have sharp toenails. [potion of
                  | mutation]
  6577 | Depths:5 | Gained mutation: You have a pair of small antennae on your
                  | head. [potion of mutation]
  6577 | Depths:5 | Gained mutation: You are agile. (Dex +2) [potion of
                  | mutation]
  6646 | Depths:4 | Reached skill level 18 in Armour
  6785 | Depths:5 | Found a flickering gateway to a bazaar.
  6795 | Depths:5 | Reached skill level 15 in Shields
  6803 | Bazaar   | Entered a bazaar
  6819 | Bazaar   | Found Miupno's Gadget Shop.
  6827 | Bazaar   | Found Lerghauwk's Distillery.
  6836 | Bazaar   | Bought a potion of cancellation for 88 gold pieces
  6836 | Bazaar   | Bought a potion of might for 44 gold pieces
  6848 | Bazaar   | Found Cualar's Distillery.
  6856 | Bazaar   | Bought a potion of cancellation for 72 gold pieces
  6856 | Bazaar   | Bought a potion of berserk rage for 45 gold pieces
  6856 | Bazaar   | Bought a potion of mutation for 72 gold pieces
  6856 | Bazaar   | Bought a potion of might for 36 gold pieces
  6873 | Depths:5 | Gained mutation: You are dopey. (Int -2) [mutagenic glow]
  6875 | Depths:5 | You are cast into the Abyss!
  6875 | Depths:5 | Cast into level 3 of the Abyss (unwielding a weapon of
                  | distortion)
  7044 | Abyss:4  | Lost mutation: You have a pair of small antennae on your
                  | head. [mutagenic glow]
  7080 | Abyss:4  | Gained mutation: You are very dopey. (Int -4) [mutagenic
                  | glow]
  7106 | Abyss:4  | Reached skill level 13 in Dodging
  7131 | Abyss:4  | Got an abyssal rune of Zot
  7247 | Depths:5 | Escaped the Abyss
  7287 | Zot:1    | Entered Level 1 of the Realm of Zot
  7354 | Zot:2    | You fall into a shaft and drop 2 floors!
  7397 | Zot:3    | HP: 23/170 [red draconian monk (13)]
  7402 | Zot:3    | Noticed a golden dragon
  7402 | Zot:3    | HP: 32/170 [purple draconian/bolt of dispelling energy
                  | (13)]
  7426 | Zot:3    | HP: 30/170 [golden dragon (27)]
  7450 | Zot:3    | Killed a golden dragon
  7469 | Zot:3    | HP: 24/170 [purple draconian knight/shard of ice (28)]
  7472 | Zot:3    | Reached skill level 14 in Dodging
  7480 | Zot:3    | HP: 33/170 [black draconian stormcaller/divine providence
                  | (11)]
  7481 | Zot:3    | HP: 15/170 [green draconian annihilator/poison arrow (20)]
  7545 | Zot:3    | Noticed an orb of fire
  7552 | Zot:3    | Gained mutation: You are weak. (Str -2) [an orb of fire]
  7554 | Zot:4    | Noticed a tentacled monstrosity
  7554 | Zot:4    | HP: 29/170 [white draconian stormcaller/divine providence
                  | (13)]
  7573 | Zot:4    | Reached skill level 13 in Fighting
  7573 | Zot:4    | Reached XP level 19. HP: 98/178 MP: 11/11
  7632 | Zot:4    | Reached skill level 17 in Axes
  7633 | Zot:4    | Noticed a golden dragon
  7636 | Zot:4    | Noticed a golden dragon
  7641 | Zot:5    | Entered Level 5 of the Realm of Zot
  7646 | Zot:5    | HP: 21/178 [golden dragon/bolt of fire (31)]
  7654 | Zot:5    | HP: 31/178 [golden dragon/bolt of fire (22)]
  7659 | Zot:5    | HP: 17/178 [golden dragon/bolt of fire (35)]
  7659 | Zot:5    | Killed a golden dragon
  7749 | Zot:5    | Noticed a curse toe
  7751 | Zot:5    | Reached skill level 16 in Invocations
  7767 | Zot:5    | Killed a curse toe
  7783 | Zot:5    | HP: 31/178 [Orb Guardian (29)]
  7806 | Zot:5    | Noticed an ancient lich
  7814 | Zot:5    | Noticed a Killer Klown
  7814 | Zot:5    | Noticed a golden dragon
  7814 | Zot:5    | Noticed a Killer Klown
  7814 | Zot:5    | Noticed an electric golem
  7814 | Zot:5    | Noticed an ancient lich
  7818 | Zot:5    | Got the Orb of Zot
  7821 | Zot:5    | Noticed an electric golem
  7823 | Zot:5    | Noticed a Killer Klown
  7823 | Zot:5    | Noticed a Killer Klown
  7824 | Zot:5    | HP: 20/178 [Orb Guardian (18)]
  7825 | Zot:5    | Noticed a Killer Klown
  7826 | Zot:5    | Noticed an orb of fire
  7827 | Zot:5    | HP: 9/178 [Orb Guardian (41)]
  7827 | Zot:5    | Slain by an Orb Guardian

Illustrated notes

Levels and vault maps discovered:
D:1:      roderic_chinese_lattice_arrival, layout_rooms, minmay_misc_feat_cross
D:2:      layout_loops_corners, overflow_temple_1_default, fedhas_altar_3
D:3:      layout_loops_ring, dancing_weapons_uskayaw, uniq_ijyb, uniq_robin
D:4:      layout_rooms, nicolae_overflow_hidden_temple,
          lightli_sewer_entry_pipes
D:5:      minmay_diamond_boxcup, layout_basic, minmay_fire_ice_demons
D:6:      layout_cave_pools
D:7:      layout_basic, kennysheep_little_box, temple_doors_e, dk_vineyard_3,
          serial_bayou_lagoon_a
D:8:      minmay_evil_eye, layout_gridville, serial_shops, shop,
          chequers_garden, hangedman_ranch [blue_anna_fruit_fields]
D:9:      layout_roguey, hiddenorc1_lemuel, dk_yredelemnul_ordeal, uniq_joseph,
          uniq_prince_ribbit1, uniq_psyche
D:10:     layout_small_grid, david_lair_shrubbed, grunt_decor_mini_mirrors,
          minmay_another_anthill
D:11:     layout_rooms, abandoned_shop, minmay_guarded_unrand_variability,
          uniq_fannar, uniq_grum
D:12:     layout_long_grid, gammafunk_ghost_hydra_chop, the_bakery, uniq_nessos
D:13:     layout_roguey, david_vaults_4, nicolae_trove_entry_free_sample,
          feat_on_display
D:14:     layout_cave_pods, kennysheep_decorative_pillar,
          eino_small_chamber_without_monster
D:15:     grunt_enter_depths_snipers, layout_long_grid, serial_park_tiny_2,
          gammafunk_ghost_necromancy, minmay_guarded_unrand_skullcrusher
Temple:   hc_temple_tempest_star
Lair:1:   layout_loops_ring, infiniplex_staircase_pool_2, grunt_megastairs_2,
          uniq_urug
Lair:2:   layout_gridlike, minmay_snake_entry_guardpost_small
Lair:3:   layout_cellular_growth, serial_bayou_shore_a,
          minmay_lair_oklob_chamber
Lair:4:   layout_small_grid, shoals_dummy_entry
Shoals:1: layout_shoals, uniq_jorgrun, uniq_nikola
Shoals:2: layout_shoals, lemuel_altar_in_water2
Shoals:3: layout_shoals
Shoals:4: shoals_end_grunt_garden, layout_shoals
Snake:1:  layout_concentric_octagons, serial_shops, shop, uniq_rupert,
          uniq_louise
Snake:2:  nicolae_snakescales, layout_chambers, drop_trap, serial_bayou_pond_e
Snake:3:  layout_onion
Snake:4:  grunt_snake_rune_serpentine_throne, layout_cave_town
Orc:1:    layout_caves, serial_shops, shop
Orc:2:    kennysheep_orc_mage_school, layout_caves
Depths:1: layout_cave_pools, grunt_hell_entry_dis_grunt, abyss_entry,
          hangedman_decor_points, minmay_tree_intersection,
          chequers_serial_rivers_micro_b, grunt_ministairs_2,
          wad_floor_pattern_1, serial_sigils_hangedman_snap, uniq_enchantress
Depths:2: minmay_inside_and_out, layout_cave_pools,
          serial_sigils_hangedman_scar, grunt_hell_entry_demonic_statue,
          pan_entry, nicolae_evil_shop
Depths:3: nooodl_glass_maze, layout_cave_pools, pan_entry,
          minmay_room_of_horrors, cheibriados_altar_1, serial_shops,
          nicolae_shop_stone, hell_entry, uniq_sojobo
Depths:4: hangedman_pleasuredromes, hell_entry, abyss_entry, uniq_xtahua,
          uniq_jory
Depths:5: grunt_zot_entry_tricorne, layout_gridville, enter_ziggurat_b,
          grunt_decor_cap, serial_shops, bzr_entry_safe, hell_entry
Zot:1:    kennysheep_spiral_hall, layout_gridlike
Zot:2:    grunt_zot_stairs_overgrown, layout_twisted_circle
Zot:3:    nicolae_moth_party, layout_onion
Zot:4:    layout_twisted_circle
Zot:5:    layout_concentric_octagons

Skill      XL: |  1  2  3  4  5  6  7  8  9 10 11 12 13 14 15 16 17 18 19 |
---------------+----------------------------------------------------------+-----
Axes           | 3 5 7 8 9 11 12 13 15 16 17 | 17.1
Dodging        | 2 3 6 9 12 14 | 14.3
Fighting       | 3 4 6 8 9 10 11 12 13 | 13.0
Evocations     | 4 |  4.0
Shields        | 4 6 7 9 10 11 12 13 14 15 | 15.0
Invocations    | 5 6 12 15 16 | 16.6
Armour         | 5 9 10 11 12 14 16 17 18 | 18.4

Action                   |  1- 3 |  4- 6 |  7- 9 | 10-12 | 13-15 | 16-18 | 19-21 || total
-------------------------+-------+-------+-------+-------+-------+-------+-------++-------
Melee: War axe           |    19 |   190 |   162 |   368 |   621 |   953 |    93 ||  2406
       Battleaxe         |       |       |    65 |    63 |       |       |       ||   128
       Headbutt          |       |       |     3 |    18 |       |       |       ||    21
       Spear             |       |       |       |       |       |    12 |       ||    12
Throw: Throwing net      |       |       |       |       |       |     3 |       ||     3
Invok: Minor Destruction |       |       |       |     1 |     5 |    10 |     4 ||    20
       Lesser Servant of |       |       |       |     3 |     2 |     3 |     1 ||     9
       Greater Servant o |       |       |       |       |     2 |     8 |     2 ||    12
       Major Destruction |       |       |       |       |       |    12 |     1 ||    13
 Abil: Heal Wounds       |     1 |     3 |    12 |     5 |     1 |    35 |    30 ||    87
       Evoke Flight      |       |       |       |       |       |     2 |       ||     2
Evoke: Wand              |       |       |     7 |    24 |    10 |    45 |       ||    86
       Lightning rod     |       |       |       |       |       |    14 |       ||    14
  Use: Scroll            |       |     5 |     5 |     7 |     8 |    13 |     4 ||    42
       Potion            |       |       |     5 |     8 |     6 |    13 |     1 ||    33
 Stab: Invisible         |       |       |       |    10 |       |       |       ||    10
       Paralysed         |       |       |       |    15 |       |       |       ||    15
       Distracted        |       |       |       |     1 |       |     6 |     3 ||    10
       Petrified         |       |       |       |       |     6 |       |       ||     6
       Held in net/web   |       |       |       |       |       |     1 |       ||     1
       Confused          |       |       |       |       |       |     4 |       ||     4
       Petrifying        |       |       |       |       |       |     2 |       ||     2
Armor: Scale mail        |    13 |    99 |   116 |    27 |       |       |       ||   255
       Plate armour      |       |       |       |   224 |   383 |   669 |    69 ||  1345
       Skin              |       |       |       |     7 |       |       |       ||     7
Dodge: Dodged            |     9 |   185 |   241 |   381 |   261 |   756 |    50 ||  1883
Block: Kite shield       |    19 |   175 |   112 |       |       |       |       ||   306
       Tower shield      |       |       |    71 |   495 |  1123 |  2198 |   186 ||  4073
       Reflection        |       |       |       |       |    71 |   133 |       ||   204

Table legend: (Time is in decaauts)
 A = Elapsed time spent in this place.
 B = Non-inter-level travel time spent in this place.
 C = Inter-level travel time spent in this place.
 D = Time resting spent in this place.
 E = Time spent auto-exploring this place.
 F = Levels seen in this place.
 G = Mean time per level.
                   A        B        C        D        E       F      G
               +--------+--------+--------+--------+--------+-----+--------+
         Total |   7527 |   7336 |    191 |      0 |      0 |  44 |  171.1 |
       Dungeon |   3330 |   3253 |     77 |      0 |      0 |  15 |  222.0 |
        Temple |     14 |      8 |      6 |      0 |      0 |   1 |   14.0 |
          Lair |    510 |    470 |     40 |      0 |      0 |   4 |  127.5 |
        Shoals |    689 |    677 |     12 |      0 |      0 |   4 |  172.2 |
     Snake Pit |    832 |    832 |      0 |      0 |      0 |   4 |  208.0 |
  Orcish Mines |    579 |    554 |     25 |      0 |      0 |   2 |  289.5 |
        Depths |    626 |    619 |      7 |      0 |      0 |   5 |  125.2 |
           Zot |    474 |    450 |     24 |      0 |      0 |   5 |   94.8 |
         Abyss |    341 |    341 |      0 |      0 |      0 |   2 |  170.5 |
        Bazaar |     62 |     62 |      0 |      0 |      0 |   1 |   62.0 |
         Sewer |     64 |     64 |      0 |      0 |      0 |   1 |   64.0 |
               +--------+--------+--------+--------+--------+-----+--------+

Top non-repeatable levels by time:
   Orc:2: 440 daAuts
Shoals:4: 419 daAuts
    D:15: 409 daAuts
     D:9: 398 daAuts
     D:5: 366 daAuts
Depths:5: 350 daAuts
 Abyss:4: 306 daAuts
     D:4: 303 daAuts
     D:6: 297 daAuts
 Snake:4: 277 daAuts
    D:10: 259 daAuts
     D:7: 242 daAuts
 Snake:2: 234 daAuts
    D:12: 226 daAuts
 Snake:1: 223 daAuts
